cohdb
Replays
Latest Replays
All Replays
Popular Replays
Top Player Replays
Match Explorer
How It Works
Community
CoH3 Stats
Reddit
Sign in to upload your games and track your stats! →
Sign in with Steam
Match 42427032
Unlisted
Match 42427032
Overview
Messages
Build Orders
End
Pioneer Squad
Construct Infanterie Kompanie
Grenadier Squad
MG 42 Machine Gun Team
Grenadier Squad
Construct Luftwaffe Kompanie
221 Scout Car
Jäger Squad
Medical Bunker
Jäger Squad
Construct Panzergrenadier Kompanie
Nubbl0r
MORGANVCT
0
0
Comments
sign in to comment!
No comments posted yet!